 Dungeon Crawl Stone Soup version 0.29.0-4-gdea44cf6ec (webtiles) character file.

Game seed: 6015362095561793094

167 ILmort the Cudgeller (level 6, 26/52 HPs)
             Began as a Meteoran Fighter on Aug 27, 2022.
             Quit the game on level 3 of the Dungeon.
             The game lasted 00:03:38 (1371 turns).

ILmort the Cudgeller (Meteoran Fighter)             Turns: 1371, Time: 00:03:38

Health: 26/52      AC:  7    Str: 20    XL:     6   Next: 6%
Magic:  7/7        EV:  9    Int: 10    God:
Gold:   152        SH:  5    Dex: 13    Spells: 5/5 levels left

rFire   . . .      SeeInvis .   a - +0 flail
rCold   . . .      Faith    .   c - +0 buckler
rNeg    . . .      Spirit   .   b - +0 scale mail
rPois   .          Reflect  .   (no helmet)
rElec   .          Harm     .   (no cloak)
rCorr   .          Rampage  .   (no gloves)
Will    .....                   (no boots)
Stlth   ..........              (no amulet)
HPRegen 0.17/turn               (no ring)
MPRegen 0.10/turn               (no ring)

@: glowing
A: sense surroundings 1, otherworldly, glowing, explore regen
a: no special abilities


You were on level 3 of the Dungeon.
You visited 1 branch of the dungeon, and saw 3 of its levels.

You collected 152 gold pieces.

Inventory:

Hand Weapons
 a - a +0 flail (weapon)
Armour
 b - a +0 scale mail (worn)
 c - a +0 buckler (worn)
 e - a +0 leather armour
 i - a +0 ring mail
 j - a +0 chain mail
 k - a +0 robe
 q - a +0 scale mail
 r - a +0 chain mail
 u - a +0 robe
 v - a +0 pair of gloves
 y - a +0 chain mail
 B - a +0 scale mail
Wands
 w - a wand of flame (5)
Scrolls
 g - a scroll of fog {unknown}
 h - 3 scrolls of teleportation {unknown}
 l - 2 scrolls of poison {unknown}
 m - 2 scrolls of enchant weapon {unknown}
 n - a scroll of enchant armour {unknown}
 o - a scroll of summoning {unknown}
 s - a scroll of identify {unknown}
 x - a scroll of noise {unknown}
Potions
 d - a potion of might
 f - a potion of resistance
 p - a potion of invisibility {unknown}
 t - a potion of curing {unknown}
 z - a potion of mutation {unknown}
 A - a potion of berserk rage {unknown}


   Skills:
 + Level 4.1 Fighting
 * Level 5.0 Maces & Flails
 + Level 4.5 Armour
 + Level 4.5 Shields


You had 5 spell levels left.
You didn't know any spells.
Your spell library contained the following spells:

 Spells                   Type           Power      Damage    Failure   Level
 Necrotise                Necr           0%         1d4       80%         1
 Vampiric Draining        Necr           0%         2d6       99%         3
 Agony                    Necr           0%         N/A       100%        5


Dungeon Overview and Level Annotations

Branches:
Dungeon (3/15) Zot: 383

Altars:


Innate Abilities, Weirdness & Mutations

You passively map a small area around you.
You are easily found by Zot.
You glow in the dark.
You regain HP and MP as you explore.


Message History

You resist with some effort.
The orc throws a stone.
The stone barely misses you.
An orc comes into view. It is wielding a +0 flail.
The orc shouts!
You block the orc wizard's attack.
The orc throws a stone.
The stone barely misses you.
Things that are here:
a +0 club; a +0 leather armour; an orc corpse You sock the orc wizard!
The orc wizard hits you but does no damage.
The orc priest hits you with a +0 club.
You closely miss the orc wizard.
The orc wizard hits you but does no damage.
You block the orc priest's attack.
You hit the orc wizard.
You kill the orc wizard!
The orc priest begins to cast a cantrip, but forgets the words!
Your Fighting skill increases to level 4!
You thump the orc priest! You block the orc priest's attack.
You block the orc's attack.
You hit the orc priest. The orc priest hits you with a +0 club.
The orc hits you with a +0 hand axe. The orc hits you with a +0 flail.
The orc priest hits you with a +0 club. You block the orc's attack.
The orc hits you with a +0 flail.
You are too injured to fight recklessly!
You are too injured to fight recklessly!
You are too injured to fight recklessly!
There are monsters nearby!
You barely miss the orc priest.
The orc priest hits you but does no damage.
The orc barely misses you. You block the orc's attack.
You closely miss the orc priest.
The orc priest hits you but does no damage.
The orc hits you with a +0 flail. The orc completely misses you.
You sock the orc priest!
You kill the orc priest!
The orc hits you but does no damage. The orc hits you with a +0 hand axe.
Your Maces & Flails skill increases to level 5!
You have reached level 6!
You feel clever.

, * #. ......,.... ,
#..,....#.... * ,
#...#...#.....?
...#...#..... ,
#..........,, , ,
*#......... , ,
#[..o)#..# , *#...o@#(.#
,.# ,* , ,
....###.#..#...# ,
...._.............*
.....#.#.######... * .###
#.#.# #... * #.#.#
##...###### *
#.#.####.........<. ~ * ,
#.#††....####....##
#######.#.........+.....#


You could see 2 orcs.

Vanquished Creatures
  An orc priest (D:3)
  Natasha (twice) (D:2)
  An orc wizard (D:3)
  An adder (D:2)
  2 worms
  A dart slug (D:1)
  An orc (D:3)
  4 bats
  An endoplasm (D:2)
  2 giant cockroaches
  4 goblins
  2 hobgoblins
  7 jackals (D:3)
  2 kobolds (D:2)
  3 quokkas (D:1)
  5 ball pythons
  3 frilled lizards
  2 rats
44 creatures vanquished.

Notes
Turn   | Place    | Note
-------+----------+-------------------------------------------
     0 | D:1      | ILmort the Meteoran Fighter began the quest for the Orb.
     0 | D:1      | Reached XP level 1. HP: 19/19 MP: 2/2
   148 | D:1      | Reached skill level 3 in Maces & Flails
   148 | D:1      | Reached XP level 2. HP: 24/26 MP: 3/3
   440 | D:1      | Reached XP level 3. HP: 31/31 MP: 4/4
   486 | D:1      | Glimpsed the power of Zot.
   685 | D:2      | Noticed Natasha
   696 | D:2      | Killed Natasha
   697 | D:2      | Reached skill level 4 in Maces & Flails
   697 | D:2      | Reached XP level 4. HP: 12/40 MP: 5/5
  1064 | D:2      | Noticed Natasha
  1068 | D:2      | Glimpsed the power of Zot.
  1073 | D:2      | Killed Natasha
  1074 | D:2      | Reached XP level 5. HP: 34/46 MP: 6/6
  1356 | D:3      | Found a faded altar of an unknown god.
  1371 | D:3      | Reached skill level 5 in Maces & Flails
  1371 | D:3      | Reached XP level 6. HP: 26/52 MP: 7/7
  1371 | D:3      | Quit the game

Illustrated notes

Levels and vault maps discovered:
D:1:      dpeg_arrival_shrine, layout_loops_ring
D:2:      layout_loops_cross, uniq_natasha
D:3:      layout_basic, overflow_temple_1_default,
          mainiacjoe_overflow_surrounded_room,
          hellmonk_ecumenical_altar_lost_god, kennysheep_generic_room_3

Skill      XL: |  1  2  3  4  5 |
---------------+----------------+-----
Maces & Flails | 3 4 5 |  5.0
Armour         | 4 |  4.5
Shields        | 4 |  4.5
Fighting       | 4 |  4.1

Action                   |  1- 3 |  4- 6 || total
-------------------------+-------+-------++-------
Melee: Flail             |    82 |   102 ||   184
Armor: Scale mail        |    54 |    66 ||   120
Dodge: Dodged            |    29 |    44 ||    73
Block: Buckler           |    18 |    31 ||    49
